 Dungeon Crawl Stone Soup version 0.32-a0-42-ga30500b4d3 (webtiles) character file.

Game seed: 4972739711292759636

6800 cforsyth the Fighter (level 11, -10/89 HPs)
             Began as a Djinni Warper on Feb 2, 2024.
             Was a Follower of the Shining One.
             Mangled by a yak (16 damage)
             ... on level 9 of the Dungeon on Feb 3, 2024.
             The game lasted 00:26:35 (12458 turns).

cforsyth the Fighter (Djinni Warper)               Turns: 12458, Time: 00:26:35

Health: -10/89     AC:  4    Str: 10    XL:     11   Next: 25%
Gold:   484        EV: 16    Int: 19    God:    the Shining One [*.....] SH:  0 Dex: 13

rFire   + + .        a - +1 falchion
rCold   x . .        (no shield)
rNeg    + . .        C - +0 troll leather armour
rPois   ∞            n - +0 helmet
rElec   .            (no cloak)
rCorr   .            (no gloves)
SInv    .            (boots unavailable)
Will    +....        (no amulet)
Stlth   +            A - ring of positive energy
HPRegen 1.14/turn    E - +5 ring of evasion
MPRegen 0.00/turn

%: infuse magic (-11 HP)
@: flying, glowing
A: sickness immunity, fire resistance 2, cold vulnerability 1, float, innate
caster, HP casting, extra vitality 1
a: Renounce Religion, Divine Shield


You were on level 9 of the Dungeon.
You worshipped the Shining One.
The Shining One was aware of your devotion.
You visited 3 branches of the dungeon, and saw 13 of its levels.
You also visited: Bailey.

You collected 627 gold pieces.
You spent 143 gold pieces at shops.

Inventory:

Hand Weapons
 a - a +1 falchion (weapon)
 m - a +0 vampiric dagger
Missiles
 d - 5 darts of dispersal
 p - 3 poisoned darts
 w - 2 datura-tipped darts
 F - 2 throwing nets
Armour
 n - a +0 helmet (worn)
 q - a +2 robe
 C - a +0 troll leather armour (worn)
Jewellery
 A - a ring of positive energy (left hand)
 D - an amulet of faith
 E - a +5 ring of evasion (right hand)
Wands
 x - a wand of quicksilver (1)
 y - a wand of digging (7)
Scrolls
 c - 3 scrolls of blinking
 f - a scroll of summoning
 l - 2 scrolls of fog
 r - a scroll of enchant weapon
 s - 5 scrolls of teleportation
 B - a scroll of poison {unknown}
 G - a scroll of noise {unknown}
Potions
 b - a potion of brilliance {unknown}
 e - 3 potions of curing
 g - 2 potions of invisibility {unknown}
 h - a potion of cancellation
 i - 2 potions of attraction
 j - 5 potions of mutation {unknown}
 k - 3 potions of lignification
 o - 3 potions of might {unknown}
 t - 5 potions of heal wounds
 u - 3 potions of haste
 v - a potion of berserk rage
 z - 3 potions of resistance {unknown}
 H - a potion of degeneration
 I - a potion of ambrosia {unknown}


   Skills:
 + Level 12.1 Fighting
 - Level 1.7 Long Blades
 - Level 0.7 Throwing
 - Level 1.0 Armour
 - Level 2.1 Dodging
 + Level 9.5 Spellcasting
 + Level 9.5 Conjurations
 + Level 9.5 Hexes
 + Level 9.5 Summonings
 + Level 9.5 Necromancy
 + Level 9.5 Translocations
 + Level 9.5 Fire Magic
 + Level 9.5 Ice Magic
 + Level 9.5 Air Magic
 + Level 9.5 Earth Magic
 + Level 9.5 Alchemy


You knew the following spells:

 Your Spells              Type           Power      Damage    Failure   Level
a - Blink                 Tloc           90%        N/A       1%          2
b - Lesser Beckoning      Tloc           90%        N/A       1%          2
c - Teleport Other        Tloc           45%        N/A       1%          3
d - Manifold Assault      Tloc           45%        N/A       1%          4
e - Vhi's Electric Charg  Tloc/Air       90%        N/A       1%          4
f - Foxfire               Conj/Fire      100%       2x1d9     1%          1
g - Momentum Strike       Conj/Tloc      90%        3d10      1%          2
h - Dazzling Flash        Conj/Hex       90%        N/A       1%          3
i - Dispel Undead         Necr           45%        3d17      1%          4
j - Iskenderun's Battles  Conj           45%        2d10      6%          5
Your spell library was empty.

Dungeon Overview and Level Annotations

Branches:
Dungeon (11/15)            Temple (1/1) D:6            Lair (1/5) D:8
 Bailey (visited)
    Orc: D:9-12

Altars:
Ashenzari
Cheibriados
Dithmenos
Elyvilon
Fedhas
Gozag
Hepliaklqana
Makhleb
Nemelex Xobeh
Okawaru
Qazlal
Trog
Uskayaw
Wu Jian
Xom
Yredelemnul
Zin
The Shining One

Shops:
D:3 *   D:10 !

Annotations:
D:3 3 runed translucent doors, Pikel; pop's ghost, amateur DsGl
D:10 Fannar; Urug


Innate Abilities, Weirdness & Mutations

You are immune to sickness and miasma.
You are immune to poison.
Your flesh is very heat resistant. (rF++)
You are vulnerable to cold. (rC-)
You float through the air rather than walking.
You learn spells naturally, not from books.
Your magical power is your life essence.
You have superior vitality. (+4 MHP)


Message History

You are too injured to fight recklessly!
You are too injured to fight recklessly!
You are too injured to fight recklessly!
The foxfire hits the yak.
The yak is moderately wounded.
The foxfire hits the yak but does no damage.
The yak is moderately wounded.
The yak barely misses you. The yak gores you!
* * * LOW HITPOINT WARNING * * *
The yak closely misses you.
Casting: Foxfire (safe; 1% risk of failure)
Confirm with . or Enter, or press ? or * to list all spells.
You blink.
* * * LOW HITPOINT WARNING * * *
The yak gores you.
* * * LOW HITPOINT WARNING * * *
The yak misses you. The yak attacks as it pursues you! The yak misses you.
You feel ready to blink again. The yak attacks as it pursues you!
The yak completely misses you.
Casting: Blink (safe; 1% risk of failure)
Confirm with . or Enter, or press ? or * to list all spells.
You blink.
* * * LOW HITPOINT WARNING * * *
The yak attacks as it pursues you! The yak gores you!
* * * LOW HITPOINT WARNING * * *
You feel ready to blink again.
Casting: Blink (safe; 1% risk of failure)
Confirm with . or Enter, or press ? or * to list all spells.
You blink.
* * * LOW HITPOINT WARNING * * *
The yak gores you.
* * * LOW HITPOINT WARNING * * *
The yak attacks as it pursues you! The yak gores you!
* * * LOW HITPOINT WARNING * * *
As you read the scroll of summoning, it crumbles to dust.
Wisps of shadow whirl around you...
You feel ready to blink again. The yak gores you!
You die...

'........####################....
#........'...#)....<....##..'....
#........###.'..........##.##....
#........# ###.gg.......'..##....
#....)...# #o.........#####....
#........# #..g.......# #####
#####'#### #goo.(.....# ####.#
#.YYo......# #....# ###@.#######
##'###### ####go....## ........#
#.^....o...# ###### .....####
#####.o)...####..... .....#
####### #....[.'.##..... .....#
##.....## #......#..#.....
.....###.._....###......##.'.....
.....##.........##......####....)
.....##._.P~P...##).....# #.....


You could see 2 yaks, a friendly orc warrior (summoned), a friendly gnoll
sergeant (summoned), 2 friendly orc wizards, 4 friendly gnolls and 4 friendly
orcs.

Vanquished Creatures
  A two-headed ogre (D:9)
  An orc knight (Bailey)
  A cyclops (D:10)
  An unseen horror (D:11)
  Grinder (D:5)
  A troll (D:7)
  A hornet (D:10)
  Sigmund (D:2)
  A wraith (D:9)
  A wyvern (D:8)
  Eustachio (D:4)
  4 yaks
  2 water moccasins
  2 orc warriors
  An ice beast (D:7)
  2 sky beasts
  An ogre (D:7)
  2 centaurs
  2 phantoms
  2 lemures
  2 bullfrogs
  2 gnoll sergeants
  6 scorpions
  2 electric eels (D:8)
  2 howler monkeys
  2 jellies (D:5)
  5 orc priests
  6 bombardier beetles
  2 gnoll boudas
  3 hounds
  4 sleepcaps
  Natasha (thrice) (D:2)
  2 iguanas
  7 orc wizards
  A hell rat (D:8)
  Robin (D:1)
  34 gnolls
  A river rat (D:8)
  4 adders
  2 shadow imps
  4 white imps
  4 dart slugs
  2 ribbon worms (D:2)
  35 orcs
  2 bats (D:1)
  2 endoplasms (D:3)
  3 giant cockroaches
  16 goblins
  11 hobgoblins
  2 jackals (D:3)
  9 quokkas
  7 ball pythons
  3 frilled lizards
  6 kobolds
  10 rats
236 creatures vanquished.

Vanquished Creatures (collateral kills)
  A goblin (D:4)
  A foxfire (D:8)
2 creatures vanquished.

Vanquished Creatures (others)
  1792 foxfires
1792 creatures vanquished.

Grand Total: 2030 creatures vanquished

Notes
Turn   | Place    | Note
-------+----------+-------------------------------------------
     0 | D:1      | cforsyth the Djinni Warper began the quest for the Orb.
     0 | D:1      | cforsyth set off with the following spells memorised:
                  | Blink, Lesser Beckoning, Teleport Other, Manifold Assault,
                  | Vhi's Electric Charge.
     0 | D:1      | Reached XP level 1. HP: 18/18 MP: 0/0
   300 | D:1      | Reached XP level 2. HP: 23/23 MP: 0/0
   859 | D:2      | Noticed Robin
   895 | D:1      | HP: 1/24 [Robin/+0 whip (5)]
   960 | D:2      | Reached XP level 3. HP: 21/29 MP: 0/0
   960 | D:2      | Learned a level 1 spell: Foxfire
  1090 | D:1      | Killed Robin
  1091 | D:1      | Reached skill level 3 in Fighting
  1228 | D:2      | Noticed a scorpion
  1234 | D:2      | Killed a scorpion
  1235 | D:2      | Reached XP level 4. HP: 28/36 MP: 0/0
  1235 | D:2      | Reached XP level 5. HP: 32/40 MP: 0/0
  1235 | D:2      | Learned a level 2 spell: Momentum Strike
  1444 | D:2      | Noticed Natasha
  1451 | D:2      | Killed Natasha
  1452 | D:2      | Reached skill level 4 in Fighting
  1459 | D:2      | Noticed Natasha
  1465 | D:2      | Killed Natasha
  1475 | D:2      | Noticed Natasha
  1480 | D:2      | Killed Natasha
  1481 | D:2      | Reached XP level 6. HP: 23/48 MP: 0/0
  1689 | D:2      | Noticed Sigmund
  1696 | D:2      | Killed Sigmund
  1697 | D:2      | Reached skill level 5 in Fighting
  1881 | D:3      | Reached XP level 7. HP: 52/54 MP: 0/0
  1881 | D:3      | Learned a level 3 spell: Dazzling Flash
  2090 | D:3      | Found a runed translucent gate.
  2090 | D:3      | Found a runed translucent gate.
  2090 | D:3      | Found a runed translucent gate.
  2091 | D:3      | Noticed pop's ghost (amateur DsGl)
  2339 | D:3      | Found Jureq's General Store.
  3072 | D:4      | Reached skill level 5 in Spellcasting
  3072 | D:4      | Reached skill level 5 in Conjurations
  3072 | D:4      | Reached skill level 5 in Hexes
  3072 | D:4      | Reached skill level 5 in Summonings
  3072 | D:4      | Reached skill level 5 in Necromancy
  3072 | D:4      | Reached skill level 5 in Translocations
  3072 | D:4      | Reached skill level 5 in Fire Magic
  3072 | D:4      | Reached skill level 5 in Ice Magic
  3072 | D:4      | Reached skill level 5 in Air Magic
  3072 | D:4      | Reached skill level 5 in Earth Magic
  3072 | D:4      | Reached skill level 5 in Alchemy
  3313 | D:4      | Noticed Pikel
  3500 | D:4      | Noticed Eustachio
  3508 | D:4      | Killed Eustachio
  3509 | D:4      | Reached skill level 6 in Fighting
  3509 | D:4      | Reached XP level 8. HP: 48/61 MP: 0/0
  4804 | D:5      | Entered Level 5 of the Dungeon
  5036 | D:5      | Noticed Grinder
  5045 | D:5      | Killed Grinder
  5046 | D:5      | Reached skill level 7 in Fighting
  5404 | D:5      | Reached XP level 9. HP: 58/70 MP: 0/0
  5404 | D:5      | Learned a level 4 spell: Dispel Undead
  5702 | D:5      | Reached skill level 8 in Fighting
  6830 | D:6      | Found a glowing silver altar of Zin.
  7173 | D:6      | Found a staircase to the Ecumenical Temple.
  7187 | Temple   | Entered the Ecumenical Temple
  7206 | Temple   | Became a worshipper of the Shining One
  7483 | D:6      | Reached skill level 9 in Fighting
  7833 | D:7      | Noticed a troll
  7868 | D:7      | Found a snail-covered altar of Cheibriados.
  8009 | D:7      | Reached XP level 10. HP: 41/78 MP: 0/0
  8024 | D:7      | Found a flagged portal.
  8033 | Bailey   | Entered a bailey
  8481 | Bailey   | Noticed an orc knight
  8630 | Bailey   | Killed an orc knight
  8631 | Bailey   | Reached skill level 10 in Fighting
  9478 | D:8      | Noticed a death yak
  9478 | D:8      | Noticed a death yak
  9849 | D:8      | Noticed a death yak
 10137 | D:8      | Found a staircase to the Lair.
 10499 | D:8      | Reached skill level 11 in Fighting
 10600 | D:9      | Noticed a two-headed ogre
 10877 | D:9      | Killed a two-headed ogre
 11112 | D:9      | Found a faded altar of an unknown god.
 11112 | D:9      | Found a hazy altar of Hepliaklqana.
 11114 | D:9      | Found a faded altar of an unknown god.
 11172 | D:9      | Reached XP level 11. HP: 63/87 MP: 0/0
 11172 | D:9      | Learned a level 5 spell: Iskenderun's Battlesphere
 11480 | D:10     | Entered Level 10 of the Dungeon
 11480 | D:10     | Found Pafusseg's Distillery.
 11487 | D:10     | Bought a potion of haste for 130 gold pieces
 11487 | D:10     | Bought a potion of degeneration for 13 gold pieces
 11493 | D:10     | Noticed Urug
 11496 | D:10     | Reached * piety under the Shining One
 11785 | D:10     | Noticed a cyclops
 11793 | D:10     | Killed a cyclops
 11972 | D:10     | Noticed Fannar
 12129 | D:11     | Reached skill level 12 in Fighting
 12138 | D:11     | Noticed a boulder beetle
 12267 | Lair:1   | Entered Level 1 of the Lair of Beasts
 12458 | D:9      | Mangled by a yak

Illustrated notes

Levels and vault maps discovered:
D:1:      dpeg_arrival_radiant, layout_loops_corners, st_stairs_11,
          columned_hall_lemuel
D:2:      layout_rooms, basic_altar, chequers_serial_rivers_micro_b,
          uniq_natasha, uniq_sigmund, uniq_robin
D:3:      layout_basic, ebering_ghost_rock_garden, serial_shops,
          nicolae_shop_rolling_square, kennysheep_orc_chapel
D:4:      cheibrodos_greedy_goblins, layout_loops_corners,
          nicolae_overflow_hidden_temple, hangedman_abyss_or_decor_lesser_grid,
          uniq_eustachio, uniq_pikel
D:5:      layout_basic, hangedman_minor_gate_pass, uniq_grinder
D:6:      layout_basic, mainiacjoe_overflow_small_starburst, temple_green
D:7:      layout_basic, chei_slow_surprise, enter_bailey_8
D:8:      layout_rooms, dpeg_lair_monsters, serial_bayou_ford_a
D:9:      layout_roguey, nicolae_hepliaklqana_ecumenical_no_more
D:10:     layout_basic, serial_shops, nicolae_shop_stone, uniq_urug,
          uniq_psyche, uniq_fannar
D:11:     layout_big_octagon, gammafunk_ghost_ooze, nicolae_trove_entry_columns
Temple:   minmay_temple_bridge_d
Lair:1:   layout_concentric_octagons

Skill      XL: |  1  2  3  4  5  6  7  8  9 10 11 |
---------------+----------------------------------+-----
Spellcasting   | 3 4 5 6 7 9 |  9.5
Conjurations   | 3 4 5 6 7 9 |  9.5
Hexes          | 3 4 5 6 7 9 |  9.5
Summonings     | 3 4 5 6 7 9 |  9.5
Necromancy     | 3 4 5 6 7 9 |  9.5
Translocations | 3 4 5 6 7 9 |  9.5
Fire Magic     | 3 4 5 6 7 9 |  9.5
Ice Magic      | 3 4 5 6 7 9 |  9.5
Air Magic      | 3 4 5 6 7 9 |  9.5
Earth Magic    | 3 4 5 6 7 9 |  9.5
Alchemy        | 3 4 5 6 7 9 |  9.5
Fighting       | 3 4 5 6 7 9 11 12 | 12.1
Long Blades    | |  1.7
Throwing       | |  0.7
Armour         | |  1.0
Dodging        | |  2.1

Action                     |  1- 3 |  4- 6 |  7- 9 | 10-12 || total
---------------------------+-------+-------+-------+-------++-------
  Melee: Falchion          |    30 |       |    26 |     1 ||    57
         Dagger            |    20 |     1 |       |       ||    21
         Punch             |     1 |       |       |       ||     1
  Throw: Dart              |     2 |       |       |       ||     2
   Cast: Blink             |     1 |       |     2 |    14 ||    17
         Foxfire           |    43 |    59 |   530 |   404 ||  1036
         Teleport Other    |       |       |     4 |     8 ||    12
         Dazzling Flash    |       |       |     3 |       ||     3
         Momentum Strike   |       |       |     2 |     1 ||     3
         Iskenderun's Batt |       |       |       |     1 ||     1
  Evoke: Wand              |       |       |     2 |     5 ||     7
    Use: Potion            |     1 |       |     1 |       ||     2
         Scroll            |       |       |    12 |     2 ||    14
 Armour: Leather armour    |    32 |     2 |       |       ||    34
         Robe              |       |       |   104 |    21 ||   125
         Troll leather arm |       |       |       |    98 ||    98
  Dodge: Dodged            |    25 |     4 |    89 |   127 ||   245

Table legend: (Time is in decaauts)
 A = Elapsed time spent in this place.
 B = Non-inter-level travel time spent in this place.
 C = Inter-level travel time spent in this place.
 D = Time resting spent in this place.
 E = Time spent auto-exploring this place.
 F = Levels seen in this place.
 G = Mean time per level.
                   A        B        C        D        E       F      G
               +--------+--------+--------+--------+--------+-----+--------+
         Total |  12494 |  12115 |    379 |   1157 |   7952 |  14 |  892.4 |
       Dungeon |  11653 |  11312 |    341 |   1128 |   7416 |  11 | 1059.4 |
        Temple |     38 |      1 |     37 |      0 |      0 |   1 |   38.0 |
          Lair |      5 |      5 |      0 |      0 |      0 |   1 |    5.0 |
        Bailey |    796 |    796 |      0 |     29 |    536 |   1 |  796.0 |
               +--------+--------+--------+--------+--------+-----+--------+

Top non-repeatable levels by time:
     D:5: 1673 daAuts
     D:6: 1514 daAuts
     D:4: 1462 daAuts
     D:2: 1203 daAuts
     D:3: 1203 daAuts
     D:7: 1177 daAuts
     D:9: 1057 daAuts
     D:1: 953 daAuts
     D:8: 810 daAuts
  Bailey: 796 daAuts
    D:10: 570 daAuts
  Temple: 38 daAuts
    D:11: 25 daAuts
  Lair:1: 5 daAuts
